 Dungeon Crawl Stone Soup version 0.25.0-26-g0c896c7088 (webtiles) character file.

Game seed: 12622788288552785202

90 Dirian the Shield-Bearer (level 4, -1/40 HPs)
             Began as a Minotaur Fighter on July 1, 2020.
             Slain by a hippogriff (6 damage)
             ... on level 3 of the Dungeon.
             The game lasted 00:01:28 (1450 turns).

Dirian the Shield-Bearer (Minotaur Fighter)         Turns: 1450, Time: 00:01:28

Health: -1/40      AC:  7    Str: 21    XL:     4   Next: 32%
Magic:  3/3        EV:  7    Int:  5    God:
Gold:   97         SH:  9    Dex: 10    Spells: 3/3 levels left

rFire    . . .     SeeInvis .   a - +0 war axe
rCold    . . .     Gourm    .   c - +0 kite shield
rNeg     . . .     Faith    .   b - +0 scale mail
rPois    .         Spirit   .   (helmet restricted)
rElec    .         Reflect  .   (no cloak)
rCorr    .         Harm     .   (no gloves)
MR       .....                  (no boots)
Stlth    ..........             (no amulet)
HPRegen  0.13/turn              (no ring)
MPRegen  0.08/turn              (no ring)

@: mighty
A: retaliatory headbutt, horns 2
a: no special abilities


You were on level 3 of the Dungeon.
You were not hungry.

You visited 1 branch of the dungeon, and saw 3 of its levels.

You collected 97 gold pieces.

Inventory:

Hand Weapons
 a - a +0 war axe (weapon)
Armour
 b - a +0 scale mail (worn)
 c - a +0 kite shield (worn)
Jewellery
 k - a cursed -4 ring of dexterity {unknown}
 l - an uncursed ring of ice {unknown}
Scrolls
 f - a scroll of fear {unknown}
 g - a scroll of enchant armour {unknown}
 h - a scroll of noise {unknown}
 j - a scroll of identify {unknown}
 m - a scroll of teleportation {unknown}
Potions
 d - a potion of might
Comestibles
 e - 8 rations
 i - 2 chunks of flesh


   Skills:
 + Level 4.1 Fighting
 * Level 4.2 Axes
 + Level 4.1 Armour
 + Level 4.3 Shields


You had 3 spell levels left.
You didn't know any spells.
Your spell library was empty.

Dungeon Overview and Level Annotations

Branches:
Dungeon (2/15)

Altars:
Elyvilon


Innate Abilities, Weirdness & Mutations

You reflexively headbutt those who attack you in melee.
You have a pair of horns on your head.


Message History

The hippogriff is heavily wounded.
The hippogriff bites you but does no damage.
The hippogriff pecks you but does no damage.
The hippogriff claws you but does no damage.
You barely miss the hippogriff.
The hippogriff is heavily wounded.
You block the hippogriff's attack.
The hippogriff pecks you but does no damage.
The hippogriff claws you.
* * * LOW HITPOINT WARNING * * *
There is an open door here.
You feel very mighty all of a sudden. You block the hippogriff's attack. x3
Your shield and scale mail prevent you from hitting the hippogriff.
You headbutt the hippogriff!
The hippogriff is severely wounded.
You block the hippogriff's attack. x3
The hippogriff bites you but does no damage.
The hippogriff pecks you.
You die...

##.##### ##.....## #..###
#.# #.##.## ##.....(.##
..#. #.#
#.#...####..(((....##....
#>.......'.........'....
#.#...####.........###..
#.##.## ##.......## #.#
#.#### ##.....## #.# #..
##...## #.# ### ##@##
#.##### #H# ####.....#
#.# #......#.# ##.##
#.####.# ##...###.### .#
#..#.......# .#
.#####...###.#.....
........## #.####.#
.######## #.. #


You could see a hippogriff.

Vanquished Creatures
  A worker ant (D:3)
  An adder (D:2)
  An ooze (D:1)
  3 worms (D:2)
  A dart slug (D:1)
  3 leopard geckos
  3 bats
  3 giant cockroaches
  4 goblins
  6 hobgoblins
  4 kobolds
  2 quokkas
  4 frilled lizards
  4 rats (D:1)
40 creatures vanquished.

Notes
Turn   | Place    | Note
-------+----------+-------------------------------------------
     0 | D:1      | Dirian the Minotaur Fighter began the quest for the Orb.
     0 | D:1      | Reached XP level 1. HP: 19/19 MP: 0/0
    92 | D:1      | Reached XP level 2. HP: 27/27 MP: 1/1
   520 | D:1      | Reached XP level 3. HP: 33/33 MP: 2/2
   840 | D:2      | Found a white marble altar of Elyvilon.
  1231 | D:2      | You fall into a shaft and drop 1 floor!
  1300 | D:3      | Reached XP level 4. HP: 33/40 MP: 3/3
  1425 | D:3      | Noticed a hippogriff
  1450 | D:3      | Slain by a hippogriff

Illustrated notes

Levels and vault maps discovered:
D:1:      beargit_arrival_greenhouse, layout_loops_corners
D:2:      minmay_evil_eye, layout_rooms, elyvilon_altar_5
D:3:      layout_loops_corners, zin_treasury, first_ration, uniq_natasha

Skill      XL: |  1  2  3 |
---------------+----------+-----
Shields        | 4 |  4.3
Axes           | 3 4 |  4.2
Fighting       | 4 |  4.1
Armour         | 4 |  4.1

Action                   |  1- 3 |  4- 6 || total
-------------------------+-------+-------++-------
Melee: War axe           |    86 |    10 ||    96
       Headbutt          |    15 |     3 ||    18
  Use: Potion            |       |     1 ||     1
  Eat: Chunk             |     1 |     1 ||     2
Armor: Scale mail        |    37 |    12 ||    49
Dodge: Dodged            |    21 |     2 ||    23
Block: Kite shield       |    51 |    16 ||    67
